TOP OF THE 1ST |
Winnipeg Goldeyes batting - Pitching for Hamilton Cardinals : RHP Ricky Pichardo
|
Pitching: RHP Ricky Pichardo
|
|
Batting: RHB Settan Nakamura
|
0-0: Called Strike 0-1: Ball 1-1: Foul Ball, location: 2F 1-2: Fly out, F6 (Popup, 56D, EV 48.1 MPH)
|
Batting: SHB Rodrigo Mendoza
|
0-0: Ball 1-0: Ground out 4-3 (Groundball, 4, EV 78.8 MPH)
|
Batting: SHB Victor Turrubiate
|
0-0: Ball 1-0: Foul Ball, location: 2F 1-1: Foul Ball, location: 2F 1-2: Foul Ball, location: 2F 1-2: Foul Ball, location: 2F 1-2: SINGLE (Line Drive, 4MD, EV 94.4 MPH)
|
Batting: RHB Mike Berzins
|
0-0: Ball 1-0: Foul Ball, location: 2F 1-1: Foul Ball, location: 2F 1-2: Ball 2-2: Foul Ball, location: 2F 2-2: Ball 3-2: Foul Ball, location: 2F 3-2: Fly out, F9 (Line Drive, 89M, EV 101.9 MPH)
|
Top of the 1st over - 0 runs, 1 hit, 0 errors, 1 left on base; Winnipeg 0 - Hamilton 0 |
BOTTOM OF THE 1ST |
Hamilton Cardinals batting - Pitching for Winnipeg Goldeyes : RHP Gregg Edwards
|
Pitching: RHP Gregg Edwards
|
|
Batting: RHB Matt Shaw
|
0-0: Called Strike 0-1: Foul Ball, location: 2F 0-2: Ground out 5-3 (Groundball, 56, EV 108.8 MPH)
|
Batting: RHB Jeff Gale
|
0-0: Ball 1-0: Called Strike 1-1: Ball 2-1: Ball 3-1: Swinging Strike 3-2: Ground out 6-3 (Groundball, 56, EV 87.5 MPH)
|
Batting: SHB Kelly Brooks
|
0-0: Foul Ball, location: 2F 0-1: Ball 1-1: Ball 2-1: Fly out, F8 (Line Drive, 78M, EV 95.6 MPH)
|
Bottom of the 1st over - 0 runs, 0 hits, 0 errors, 0 left on base; Winnipeg 0 - Hamilton 0 |
TOP OF THE 2ND |
Winnipeg Goldeyes batting - Pitching for Hamilton Cardinals : RHP Ricky Pichardo
|
Batting: RHB Itocravo Arrochela
|
0-0: Ball 1-0: Ball 2-0: Called Strike 2-1: Foul Ball, location: 2F 2-2: Foul Ball, location: 2F 2-2: Fly out, F3 (Popup, 3SF, EV 64.4 MPH)
|
Batting: RHB Mitsuhiro Kobayashi
|
0-0: Swinging Strike 0-1: SINGLE (Flyball, 34D, EV 89.4 MPH)
|
Batting: SHB Tim Lloyd
|
0-0: Foul Ball, location: 2F 0-1: Foul Ball, location: 2F 0-2: Foul Ball, location: 2F 0-2: SINGLE (Line Drive, 8LS, EV 107.5 MPH) Mitsuhiro Kobayashi to second
|
Batting: SHB Andy Ehrsam
|
0-0: Called Strike 0-1: Ball 1-1: Ball 2-1: Called Strike 2-2: Foul Ball, location: 2F 2-2: Ball 3-2: Base on Balls Mitsuhiro Kobayashi to third Tim Lloyd to second
|
Batting: RHB Ricky Saucedo
|
0-0: Ball 1-0: Fly out, F7 (Flyball, 78M, EV 91.2 MPH)
|
Batting: RHB Settan Nakamura
|
0-0: Ball 1-0: Called Strike 1-1: Foul Ball, location: 2F 1-2: Ball 2-2: Ball 3-2: Foul Ball, location: 2F 3-2: Foul Ball, location: 2F 3-2: Base on Balls Mitsuhiro Kobayashi scores Tim Lloyd to third Andy Ehrsam to second
|
Batting: SHB Rodrigo Mendoza
|
0-0: Ball 1-0: Ground out 3-1 (Groundball, 34, EV 89.4 MPH)
|
Top of the 2nd over - 1 run, 2 hits, 0 errors, 3 left on base; Winnipeg 1 - Hamilton 0 |
BOTTOM OF THE 2ND |
Hamilton Cardinals batting - Pitching for Winnipeg Goldeyes : RHP Gregg Edwards
|
Batting: LHB Rafael Banda
|
0-0: Swinging Strike 0-1: Foul Ball, location: 2F 0-2: Foul Ball, location: 2F 0-2: Ball 1-2: Ball 2-2: Ball 3-2: Foul Ball, location: 2F 3-2: Ground out 1-3 (Groundball, 23, EV 64.4 MPH)
|
Batting: SHB Jae-hong Kym
|
0-0: Ball 1-0: Ground out 4-3 (Groundball, 4, EV 99.4 MPH)
|
Batting: LHB Steven Higgs
|
0-0: Ball 1-0: Fly out, F8 (Flyball, 8LS, EV 88.1 MPH)
|
Bottom of the 2nd over - 0 runs, 0 hits, 0 errors, 0 left on base; Winnipeg 1 - Hamilton 0 |
TOP OF THE 3RD |
Winnipeg Goldeyes batting - Pitching for Hamilton Cardinals : RHP Ricky Pichardo
|
Batting: SHB Victor Turrubiate
|
0-0: Ball 1-0: Fly out, F8 (Flyball, 8LM, EV 88.8 MPH)
|
Batting: RHB Mike Berzins
|
0-0: Fly out, F9 (Line Drive, 9D, EV 90.6 MPH)
|
Batting: RHB Itocravo Arrochela
|
0-0: Swinging Strike 0-1: Ball 1-1: Swinging Strike 1-2: Ball 2-2: Ball 3-2: Base on Balls
|
Batting: RHB Mitsuhiro Kobayashi
|
0-0: Ball 1-0: Ball Itocravo Arrochela steals 2nd base 2-0: Called Strike 2-1: Ball 3-1: SINGLE (Groundball, 56, EV 96.2 MPH) Itocravo Arrochela to third Runner from 3rd tries for Home, throw by LF and OUT! 7-2
|
Top of the 3rd over - 0 runs, 1 hit, 0 errors, 1 left on base; Winnipeg 1 - Hamilton 0 |
BOTTOM OF THE 3RD |
Hamilton Cardinals batting - Pitching for Winnipeg Goldeyes : RHP Gregg Edwards
|
Batting: RHB Kevin McGaughey
|
0-0: Fly out, F7 (Flyball, 7LS, EV 76.2 MPH)
|
Batting: LHB Josh Levin
|
0-0: Called Strike 0-1: Swinging Strike 0-2: Fly out, F9 (Flyball, 89D, EV 81.2 MPH)
|
Batting: RHB Oscar Higareda
|
0-0: Called Strike 0-1: Ground out U3 (Groundball, 34S, EV 91.2 MPH)
|
Bottom of the 3rd over - 0 runs, 0 hits, 0 errors, 0 left on base; Winnipeg 1 - Hamilton 0 |
TOP OF THE 4TH |
Winnipeg Goldeyes batting - Pitching for Hamilton Cardinals : RHP Ricky Pichardo
|
Batting: SHB Tim Lloyd
|
0-0: Ball 1-0: Foul Ball, location: 2F 1-1: Called Strike 1-2: Ball 2-2: Foul Ball, location: 2F 2-2: Ground out 6-3 (Groundball, 6, EV 85.0 MPH)
|
Batting: SHB Andy Ehrsam
|
0-0: Ball 1-0: Ball 2-0: Foul Ball, location: 2F 2-1: SINGLE (Line Drive, 6D, EV 99.4 MPH)
|
Batting: RHB Ricky Saucedo
|
0-0: Called Strike 0-1: Ball 1-1: Grounds into double play, 1-6-3 (Groundball, 13, EV 73.8 MPH)
|
Top of the 4th over - 0 runs, 1 hit, 0 errors, 0 left on base; Winnipeg 1 - Hamilton 0 |
BOTTOM OF THE 4TH |
Hamilton Cardinals batting - Pitching for Winnipeg Goldeyes : RHP Gregg Edwards
|
Batting: RHB Matt Shaw
|
0-0: Fly out, F7 (Flyball, 78D, EV 82.5 MPH)
|
Batting: RHB Jeff Gale
|
0-0: Ball 1-0: Foul Ball, location: 2F 1-1: Foul Ball, location: 2F 1-2: Ball 2-2: Ball 3-2: Foul Ball, location: 2F 3-2: SINGLE (Line Drive, 6D, EV 94.4 MPH)
|
Batting: SHB Kelly Brooks
|
0-0: Fly out, F9 (Flyball, 9S, EV 83.1 MPH)
|
Batting: LHB Rafael Banda
|
0-0: Called Strike 0-1: Ball 1-1: Swinging Strike 1-2: Fly out, F2 (Popup, 2RF, EV 85.0 MPH)
|
Bottom of the 4th over - 0 runs, 1 hit, 0 errors, 1 left on base; Winnipeg 1 - Hamilton 0 |
TOP OF THE 5TH |
Winnipeg Goldeyes batting - Pitching for Hamilton Cardinals : RHP Ricky Pichardo
|
Batting: RHB Settan Nakamura
|
0-0: Ball 1-0: Foul Ball, location: 2F 1-1: SINGLE (Flyball, 5D, EV 96.9 MPH)
|
Batting: SHB Rodrigo Mendoza
|
0-0: Ball 1-0: Called Strike 1-1: Ball 2-1: Foul Ball, location: 2F 2-2: Foul Ball, location: 2F 2-2: Ball 3-2: 2-RUN HOME RUN (Line Drive, 7LD, EV 95.6 MPH), Distance : 332 ft
|
Batting: SHB Victor Turrubiate
|
0-0: SOLO HOME RUN (Flyball, 89XD, EV 99.4 MPH), Distance : 419 ft
|
Batting: RHB Mike Berzins
|
0-0: Swinging Strike 0-1: Called Strike 0-2: Ball 1-2: Ball 2-2: Foul Ball, location: 2F 2-2: Foul Ball, location: 2F 2-2: SINGLE (Line Drive, 8RS, EV 109.4 MPH)
|
Batting: RHB Itocravo Arrochela
|
0-0: Called Strike 0-1: Swinging Strike 0-2: Foul Ball, location: 2F 0-2: Ball 1-2: Fly out, F8 (Line Drive, 8LD, EV 99.4 MPH)
|
Batting: RHB Mitsuhiro Kobayashi
|
0-0: Ball Mike Berzins steals 2nd base 1-0: Swinging Strike 1-1: Ball 2-1: Foul Ball, location: 2F 2-2: Strikes out swinging
|
Pitching: RHP Tommy Commo
|
|
Batting: SHB Tim Lloyd
|
0-0: Ball 1-0: Ball 2-0: Called Strike 2-1: Ground out 6-3 (Groundball, 6, EV 91.2 MPH)
|
Top of the 5th over - 3 runs, 4 hits, 0 errors, 1 left on base; Winnipeg 4 - Hamilton 0 |
BOTTOM OF THE 5TH |
Hamilton Cardinals batting - Pitching for Winnipeg Goldeyes : RHP Gregg Edwards
|
Batting: SHB Jae-hong Kym
|
0-0: Swinging Strike 0-1: Ball 1-1: Ball 2-1: Ball 3-1: Foul Ball, location: 2F 3-2: SINGLE (Groundball, 6MD, EV 104.4 MPH)
|
Batting: LHB Steven Higgs
|
0-0: Grounds into double play, 4-6-3 (Groundball, 4, EV 109.4 MPH)
|
Batting: RHB Kevin McGaughey
|
0-0: Ball 1-0: Swinging Strike 1-1: Ball 2-1: Ball 3-1: Swinging Strike 3-2: Strikes out swinging
|
Bottom of the 5th over - 0 runs, 1 hit, 0 errors, 0 left on base; Winnipeg 4 - Hamilton 0 |
TOP OF THE 6TH |
Winnipeg Goldeyes batting - Pitching for Hamilton Cardinals : RHP Tommy Commo
|
Batting: SHB Andy Ehrsam
|
0-0: Called Strike 0-1: Foul Ball, location: 2F 0-2: Ball 1-2: Strikes out looking
|
Batting: RHB Ricky Saucedo
|
0-0: Called Strike 0-1: Ball 1-1: Ball 2-1: Foul Ball, location: 2F 2-2: Strikes out swinging
|
Batting: RHB Settan Nakamura
|
0-0: Ball 1-0: Swinging Strike 1-1: Foul Ball, location: 2F 1-2: Ball 2-2: Ball 3-2: Ground out 4-3 (Groundball, 4S, EV 85.6 MPH)
|
Top of the 6th over - 0 runs, 0 hits, 0 errors, 0 left on base; Winnipeg 4 - Hamilton 0 |
BOTTOM OF THE 6TH |
Hamilton Cardinals batting - Pitching for Winnipeg Goldeyes : RHP Gregg Edwards
|
Batting: LHB Josh Levin
|
0-0: Ball 1-0: Fly out, F8 (Flyball, 8RM, EV 90.0 MPH)
|
Batting: RHB Oscar Higareda
|
0-0: Ball 1-0: Swinging Strike 1-1: Foul Ball, location: 2F 1-2: SOLO HOME RUN (Flyball, 7D, EV 95.0 MPH), Distance : 359 ft
|
Batting: RHB Matt Shaw
|
0-0: Ball 1-0: Called Strike 1-1: Ball 2-1: Ball 3-1: Swinging Strike 3-2: Base on Balls
|
Batting: RHB Jeff Gale
|
0-0: Ball Matt Shaw steals 2nd base 1-0: Ball 2-0: Swinging Strike 2-1: Ball 3-1: Called Strike 3-2: Foul Ball, location: 2F 3-2: Strikes out looking
|
Pitching: RHP Chris Buschke
|
|
Batting: SHB Kelly Brooks
|
0-0: Hit by Pitch
|
Batting: LHB Rafael Banda
|
0-0: Called Strike 0-1: Foul Ball, location: 2F 0-2: Ball 1-2: Foul Ball, location: 2F 1-2: Strikes out looking
|
Bottom of the 6th over - 1 run, 1 hit, 0 errors, 2 left on base; Winnipeg 4 - Hamilton 1 |
TOP OF THE 7TH |
Winnipeg Goldeyes batting - Pitching for Hamilton Cardinals : RHP Tommy Commo
|
Batting: SHB Rodrigo Mendoza
|
0-0: Foul Ball, location: 2F 0-1: SOLO HOME RUN (Flyball, 9D, EV 92.5 MPH) (Inside the Park)
|
Batting: SHB Victor Turrubiate
|
0-0: Foul Ball, location: 2F 0-1: Swinging Strike 0-2: Ball 1-2: Ball 2-2: Fly out, F9 (Flyball, 89M, EV 79.4 MPH)
|
Batting: RHB Mike Berzins
|
0-0: SINGLE (Groundball, 4MD, EV 94.4 MPH)
|
Batting: RHB Itocravo Arrochela
|
0-0: Called Strike 0-1: Foul Ball, location: 2F 0-2: Foul Ball, location: 2F 0-2: Ball 1-2: Foul Ball, location: 2F 1-2: Ball 2-2: Fly out, F9 (Flyball, 9LSF, EV 93.1 MPH)
|
Batting: RHB Mitsuhiro Kobayashi
|
0-0: Swinging Strike 0-1: Foul Ball, location: 2F 0-2: Ball 1-2: Strikes out swinging
|
Top of the 7th over - 1 run, 2 hits, 0 errors, 1 left on base; Winnipeg 5 - Hamilton 1 |
BOTTOM OF THE 7TH |
Hamilton Cardinals batting - Pitching for Winnipeg Goldeyes : RHP Chris Buschke
|
Batting: SHB Jae-hong Kym
|
0-0: Called Strike 0-1: Foul Ball, location: 2F 0-2: Strikes out looking
|
Batting: LHB Steven Higgs
|
0-0: Ball 1-0: Called Strike 1-1: Ball 2-1: Foul Ball, location: 2F 2-2: Strikes out swinging
|
Batting: RHB Kevin McGaughey
|
0-0: Swinging Strike 0-1: Fly out, F7 (Flyball, BS1, EV 103.1 MPH)
|
Bottom of the 7th over - 0 runs, 0 hits, 0 errors, 0 left on base; Winnipeg 5 - Hamilton 1 |
TOP OF THE 8TH |
Winnipeg Goldeyes batting - Pitching for Hamilton Cardinals : RHP Tommy Commo
|
Batting: SHB Tim Lloyd
|
0-0: Ball 1-0: Swinging Strike 1-1: Ball 2-1: Foul Ball, location: 2F 2-2: Foul Ball, location: 2F 2-2: Ground out U3 (Groundball, 34, EV 90.6 MPH)
|
Batting: SHB Andy Ehrsam
|
0-0: Ball 1-0: Called Strike 1-1: Called Strike 1-2: Foul Ball, location: 2F 1-2: Fly out, F8 (Flyball, 8RS, EV 91.2 MPH)
|
Batting: RHB Ricky Saucedo
|
0-0: Called Strike 0-1: Ball 1-1: Ball 2-1: Ball 3-1: Base on Balls
|
Batting: RHB Settan Nakamura
|
0-0: Ball 1-0: SINGLE (Groundball, 6M, EV 105.6 MPH) (infield hit) Ricky Saucedo to second
|
Pitching: RHP Colt Robinson
|
|
Batting: SHB Rodrigo Mendoza
|
0-0: Foul Ball, location: 2F 0-1: Ball 1-1: Foul Ball, location: 2F 1-2: Strikes out swinging
|
Top of the 8th over - 0 runs, 1 hit, 0 errors, 2 left on base; Winnipeg 5 - Hamilton 1 |
BOTTOM OF THE 8TH |
Hamilton Cardinals batting - Pitching for Winnipeg Goldeyes : RHP Chris Buschke
|
Batting: LHB Josh Levin
|
0-0: Ball 1-0: Swinging Strike 1-1: Fly out, F7 (Flyball, 7LS, EV 93.8 MPH)
|
Batting: RHB Oscar Higareda
|
0-0: Called Strike 0-1: Ball 1-1: Ball 2-1: SINGLE (Groundball, 6S, EV 66.2 MPH) (infield hit)
|
Pinch Hitting: LHB Jonathan Barker
|
0-0: Ball 1-0: DOUBLE (Groundball, 3L, EV 104.4 MPH) Oscar Higareda to third
|
Batting: RHB Jeff Gale
|
0-0: Ball 1-0: Ground out 3-1 (Groundball, 34, EV 108.8 MPH) Oscar Higareda scores Jonathan Barker to third
|
Batting: SHB Kelly Brooks
|
0-0: SINGLE (Line Drive, 6D, EV 95.0 MPH) Jonathan Barker scores
|
Batting: LHB Rafael Banda
|
0-0: Ball 1-0: Ball 2-0: Foul Ball, location: 2F 2-1: Ball 3-1: Foul Ball, location: 2F 3-2: Strikes out swinging
|
Bottom of the 8th over - 2 runs, 3 hits, 0 errors, 1 left on base; Winnipeg 5 - Hamilton 3 |
TOP OF THE 9TH |
Winnipeg Goldeyes batting - Pitching for Hamilton Cardinals : RHP Colt Robinson
|
Now in CF: Rafael Banda
|
|
Now in RF: Jonathan Barker
|
|
Batting: SHB Victor Turrubiate
|
0-0: Swinging Strike 0-1: Foul Ball, location: 2F 0-2: Strikes out swinging
|
Batting: RHB Mike Berzins
|
0-0: Ball 1-0: SINGLE (Groundball, 56D, EV 100.0 MPH)
|
Batting: RHB Itocravo Arrochela
|
0-0: Ball 1-0: Ball 2-0: Ball 3-0: Called Strike 3-1: Fielders Choice at 2nd, 6-4 (Groundball, 6, EV 86.2 MPH)
|
Batting: RHB Mitsuhiro Kobayashi
|
0-0: Called Strike Itocravo Arrochela steals 2nd base 0-1: Ground out 5-3 (Groundball, 56S, EV 78.1 MPH)
|
Top of the 9th over - 0 runs, 1 hit, 0 errors, 1 left on base; Winnipeg 5 - Hamilton 3 |
BOTTOM OF THE 9TH |
Hamilton Cardinals batting - Pitching for Winnipeg Goldeyes : RHP Chris Buschke
|
Now at 1B: Fernando Membreno
|
|
Now at SS: Alejandro de Jesus
|
|
Now in LF: Yu-zeng Mai
|
|
Batting: SHB Jae-hong Kym
|
0-0: Foul Ball, location: 2F 0-1: Ground out 4-3 (Groundball, 34D, EV 111.9 MPH)
|
Batting: LHB Steven Higgs
|
0-0: Ball 1-0: Ball 2-0: SOLO HOME RUN (Flyball, 78XD, EV 99.4 MPH), Distance : 412 ft
|
Pitching: RHP Blake Rhoderick
|
|
Batting: RHB Kevin McGaughey
|
0-0: Called Strike 0-1: Swinging Strike 0-2: Reached on error, E5 (Groundball, 56, EV 78.8 MPH)
|
Batting: LHB Josh Levin
|
0-0: Ball 1-0: Called Strike 1-1: Ball 2-1: Foul Ball, location: 2F 2-2: Strikes out looking
|
Batting: RHB Oscar Higareda
|
0-0: Ball 1-0: Foul Ball, location: 2F 1-1: Swinging Strike 1-2: Ball 2-2: Foul Ball, location: 2F 2-2: Ball 3-2: Foul Ball, location: 2F 3-2: Foul Ball, location: 2F 3-2: Strikes out swinging
|
Bottom of the 9th over - 1 run, 1 hit, 1 error, 1 left on base; Winnipeg 5 - Hamilton 4 |
|